 Dungeon Crawl Stone Soup version 0.24.0-123-gd5b16e6ec5 (webtiles) character file.

Game seed: 9826392405063806932, levelgen mode: deterministic

14669 Norian the Thaumaturge (level 11, -2/63 HPs)
             Began as a Deep Elf Conjurer on Dec 19, 2019.
             Was a High Priest of Vehumet.
             Slain by a red ugly thing (9 damage)
             ... on level 11 of the Dungeon.
             The game lasted 00:43:45 (12659 turns).

Norian the Thaumaturge (Deep Elf Conjurer)         Turns: 12659, Time: 00:43:45

Health: -2/63      AC: 17    Str:  8    XL:     11   Next: 91%
Magic:  5/28       EV: 15    Int: 21    God:    Vehumet [*****.]
Gold:   276        SH:  0    Dex: 15    Spells: 13/32 levels left

rFire    . . .     SeeInvis .   s - +0 short sword (flame)
rCold    . . .     Gourm    .   (no shield)
rNeg     . . .     Faith    .   w - +0 troll leather armour {Purgy}
rPois    +         Spirit   .   r - +0 helmet
rElec    .         Reflect  .   S - +2 cloak {MR+}
rCorr    .         Harm     .   G - +2 pair of gloves
MR       ++...                  (no boots)
Stlth    +++.......             (no amulet)
HPRegen  0.60/turn              O - ring of poison resistance
MPRegen  0.21/turn              P - +5 ring of protection

@: about to teleport
A: no striking features
a: Renounce Religion


You were on level 11 of the Dungeon.
You worshipped Vehumet.
Vehumet was extremely pleased with you.
You were very hungry.

You visited 1 branch of the dungeon, and saw 11 of its levels.
You also visited: Sewer.

You collected 667 gold pieces.
You spent 391 gold pieces at shops.

Inventory:

Hand Weapons
 s - a +0 short sword of flaming (weapon)
 F - a +4 spear of freezing
Armour
 r - a +0 helmet (worn)
 w - a +0 troll leather armour (worn) {Purgy}
 G - a +2 pair of gloves (worn)
 J - a +1 robe of cold resistance
 R - the +0 robe "Daxkop" {rElec}
   (You bought it in a shop on level 9 of the Dungeon)

   It insulates you from electricity.
 S - a +2 cloak of magic resistance (worn)
Magical Staves
 T - an uncursed staff of death
Jewellery
 e - an uncursed ring of wizardry
 f - an uncursed ring of positive energy
 D - an uncursed ring of stealth
 O - a ring of poison resistance (left hand)
 P - a +5 ring of protection (right hand)
Wands
 q - a wand of flame (20)
 x - a wand of paralysis (7)
 C - a wand of polymorph (11)
 H - a wand of digging (1)
 I - a wand of random effects (28)
 U - a wand of enslavement (14)
Scrolls
 a - a scroll of noise
 b - 3 scrolls of fog {unknown}
 d - 20 scrolls of identify
 h - 2 scrolls of random uselessness {unknown}
 l - 10 scrolls of teleportation
 n - 5 scrolls of magic mapping {unknown}
 p - 4 scrolls of amnesia {unknown}
 v - 4 scrolls of enchant armour {unknown}
 y - 3 scrolls of remove curse {unknown}
 A - a scroll of fear {unknown}
 K - a scroll of blinking {unknown}
 L - a scroll of enchant weapon {unknown}
 N - 2 scrolls of immolation {unknown}
Potions
 g - 3 potions of brilliance
 i - a potion of mutation {unknown}
 j - 5 potions of flight {unknown}
 k - 2 potions of curing
 m - 2 potions of might {unknown}
 t - 2 potions of berserk rage {unknown}
 u - 3 potions of lignification
 z - a potion of magic {unknown}
 B - a potion of haste {unknown}
 E - 4 potions of invisibility {unknown}
 M - a potion of agility {unknown}
 Q - a potion of degeneration {unknown}
Comestibles
 c - 17 rations


   Skills:
 - Level 5.0 Fighting
 - Level 4.5 Short Blades
 - Level 5.0 Armour
 - Level 6.0 Dodging
 - Level 7.2 Stealth
 - Level 11.0 Spellcasting
 + Level 10.6 Conjurations
 - Level 7.5 Hexes
 + Level 5.4 Fire Magic
 + Level 3.7 Earth Magic
 - Level 4.0 Evocations


You had 13 spell levels left.
You knew the following spells:

 Your Spells              Type           Power        Failure   Level  Hunger
a - Magic Dart            Conj           ####         1%          1    None
b - Iskenderun's Mystic   Conj           ######..     1%          4    #......
c - Fulminant Prism       Conj/Hex       #####.....   1%          4    #......
d - Fireball              Conj/Fire      #####.....   2%          5    ####...
e - Bolt of Magma         Conj/Fire/Erth #####.....   4%          5    ####...

Your spell library contained the following spells:

 Spells                   Type           Power        Failure   Level  Hunger
 Olgreb's Toxic Radiance  Pois           ##......     21%         4    #......
 Corona                   Hex            #####..      1%          1    None
 Flame Tongue             Conj/Fire      #####        1%          1    None
 Searing Ray              Conj           ######       1%          2    None
 Throw Flame              Conj/Fire      #####.       1%          2    None
 Confuse                  Hex            #####...     1%          3    None
 Conjure Flame            Conj/Fire      #####...     1%          3    None
 Dazzling Spray           Conj/Hex       #####.       1%          3    None
 Inner Flame              Hex/Fire       #####...     1%          3    None
 Tukima's Dance           Hex            #####...     1%          3    None
 Sticky Flame             Conj/Fire      #####...     1%          4    #......
 Ensorcelled Hibernation  Hex/Ice        ####..       2%          2    None
 Force Lance              Conj/Tloc      ####....     2%          4    #......


Dungeon Overview and Level Annotations

Branches:
Dungeon (11/15)            Temple (0/1) D:7            Lair (0/6) D:9
    Orc (0/2) D:11          Sewer (visited)

Altars:
Elyvilon
Gozag
Hepliaklqana
Okawaru
Uskayaw
Vehumet
Xom
The Shining One

Shops:
D:5 ?   D:9 [!   D:10 :

Annotations:
D:3 3 runed translucent doors, Alannah's ghost, amateur GrFi


Message History

The red ugly thing closely misses you.
The red ugly thing tail-slaps you but does no damage.
The red ugly thing tail-slaps you.
You are engulfed in flames!!
* * * LOW HITPOINT WARNING * * *
You see here a +0 short sword.
You feel much better.
The red ugly thing tail-slaps you but does no damage.
You feel better. The red ugly thing tail-slaps you.
You are engulfed in flames!
* * * LOW HITPOINT WARNING * * *
You feel much better. The red ugly thing tail-slaps you!
You are engulfed in flames!
* * * LOW HITPOINT WARNING * * *
You feel better. The red ugly thing tail-slaps you.
You are engulfed in flames!!
* * * LOW HITPOINT WARNING * * *
Things that are here:
a +0 short sword; a kobold corpse
As you read the scroll of teleportation, it crumbles to dust.
You feel strangely unstable. The red ugly thing tail-slaps you!
You die...

#.##..(.≈≈≈.# #.##....≈≈≈.#
#.##...P≈≈### o
#.##....≈≈#...#############''++##
#.##....≈≈#...#..................
#.##....≈≈#####≈≈≈≈≈≈≈≈≈≈≈≈....≈≈
).##....≈≈≈≈≈≈≈≈≈≈≈≈≈≈≈≈≈≈≈....≈≈
#.##....≈≈≈≈≈≈≈≈≈≈≈≈≈≈≈≈≈≈≈....≈)
#.##.....P......@u.o.(.........).
#.'.).........##############..###
####'#..............# #####.##
........######.#..#.# #....(#
........# ......# #.##.##
........# ...#### ...#
.#.....#### ...# #....#
.#..#..'..# ...# #.##.#
.).....#### ...# #. ..#


You could see a red ugly thing and an orc.

Vanquished Creatures
  3 two-headed ogres
  2 ugly things
  A centaur zombie (D:10)
  Psyche (D:8)
  A centaur skeleton (D:11)
  Joseph (D:10)
  A troll (D:9)
  A hornet (D:9)
  15 yaks
  A wraith (D:10)
  Eustachio (D:6)
  Grum (D:8)
  3 hungry ghosts (D:10)
  15 wargs (D:11)
  5 porcupines (D:9)
  Purgy (Sewer)
  2 orc warriors
  4 phantoms
  6 black bears
  A hornet zombie (D:7)
  2 ice beasts
  5 ogres
  2 wolves (D:8)
  3 centaurs
  A crocodile (D:9)
  A big kobold (D:11)
  6 bullfrogs
  3 scorpions (D:9)
  6 killer bees
  10 wights
  2 howler monkeys (D:8)
  5 jellies
  2 crimson imps
  6 orc priests
  2 bullfrog skeletons
  2 iguanas
  Natasha (thrice) (D:2)
  7 orc wizards
  5 worker ants
  4 hound zombies
  A hound skeleton (D:4)
  Robin (D:2)
  A worker ant zombie (D:6)
  10 gnolls
  A river rat (D:4)
  16 adders
  4 shadow imps
  2 oozes
  2 adder zombies (D:10)
  3 worms
  A dart slug (D:2)
  6 leopard geckos
  54 orcs
  4 giant cockroaches
  13 goblins
  11 hobgoblins
  18 jackals
  2 quokkas
  8 ball pythons
  13 bats
  11 frilled lizards
  13 kobolds
  A quokka zombie (D:9)
  13 rats
  A fungus (D:9)
353 creatures vanquished.

Vanquished Creatures (others)
  A scorpion (D:4)
  A hound (D:4)
  2 worker ants (D:4)
  2 adders (D:4)
  A quokka (D:4)
  A ball python (D:4)
  71 fulminant prisms
  22 fungi (D:9)
  5 plants (D:9)
106 creatures vanquished.

Grand Total: 459 creatures vanquished

Notes
Turn   | Place    | Note
-------+----------+-------------------------------------------
     0 | D:1      | Norian the Deep Elf Conjurer began the quest for the Orb.
     0 | D:1      | Reached XP level 1. HP: 10/10 MP: 6/6
   192 | D:1      | Reached XP level 2. HP: 15/15 MP: 0/8
   604 | D:1      | Reached skill level 4 in Spellcasting
   626 | D:1      | Reached XP level 3. HP: 17/19 MP: 2/10
   628 | D:1      | Reached skill level 5 in Conjurations
  1041 | D:2      | Noticed Robin
  1295 | D:2      | Reached XP level 4. HP: 19/24 MP: 12/12
  1305 | D:2      | Killed Robin
  1415 | D:2      | Noticed Natasha
  1421 | D:2      | Killed Natasha
  1421 | D:2      | Reached skill level 5 in Spellcasting
  1429 | D:2      | Learned a level 4 spell: Iskenderun's Mystic Blast
  1434 | D:2      | Learned a level 4 spell: Fulminant Prism
  1443 | D:2      | Noticed Natasha
  1456 | D:2      | Killed Natasha
  1456 | D:2      | Reached skill level 1 in Hexes
  1456 | D:2      | Reached XP level 5. HP: 3/28 MP: 0/14
  1764 | D:2      | Noticed Natasha
  1769 | D:2      | Killed Natasha
  1908 | D:2      | Found a white marble altar of Elyvilon.
  2350 | D:3      | Found an iron altar of Okawaru.
  2686 | D:3      | Found a faded altar of an unknown god.
  3045 | D:3      | Found a runed translucent gate.
  3045 | D:3      | Found a runed translucent gate.
  3045 | D:3      | Found an opulent altar of Gozag.
  3046 | D:3      | Found a runed translucent gate.
  3046 | D:3      | Noticed Alannah's ghost (amateur GrFi)
  3069 | D:4      | Noticed a phantom
  3077 | D:4      | Killed a phantom
  3077 | D:4      | Reached skill level 6 in Spellcasting
  3077 | D:4      | Reached XP level 6. HP: 28/32 MP: 0/17
  3118 | D:4      | Found a glowing golden altar of the Shining One.
  3244 | D:4      | Found a glowing drain.
  3272 | Sewer    | Entered a sewer
  3292 | Sewer    | Noticed Purgy
  3297 | Sewer    | Killed Purgy
  3656 | D:5      | Entered Level 5 of the Dungeon
  3771 | D:5      | Reached XP level 7. HP: 36/36 MP: 1/19
  3796 | D:5      | Reached skill level 1 in Armour
  3796 | D:5      | Reached skill level 7 in Spellcasting
  3943 | D:5      | Found Valleof's Magic Scroll Shop.
  3951 | D:5      | Bought a scroll of identify for 28 gold pieces
  3951 | D:5      | Bought a scroll of noise for 14 gold pieces
  4368 | D:5      | Noticed a +0 dagger
  4368 | D:5      | Noticed a +0 dagger
  4369 | D:5      | Found a hide-covered altar of Uskayaw.
  4480 | D:5      | Found a radiant altar of Vehumet.
  4574 | D:5      | Became a worshipper of Vehumet
  4648 | D:4      | Found a shimmering altar of Xom.
  5114 | D:4      | Reached skill level 8 in Spellcasting
  5114 | D:4      | Reached XP level 8. HP: 38/41 MP: 8/22
  5441 | D:6      | Found a hazy altar of Hepliaklqana.
  5525 | D:6      | Found the +8 demon blade "Bloodbane" {slice, *Rage +Rage
                  | Stlth-}
  5757 | D:6      | Reached * piety under Vehumet
  5757 | D:6      | Offered knowledge of Shock by Vehumet.
  5757 | D:6      | Reached skill level 9 in Spellcasting
  5757 | D:6      | Reached skill level 5 in Hexes
  5917 | D:6      | Reached skill level 1 in Evocations
  6012 | D:6      | Noticed Eustachio
  6028 | D:6      | Killed Eustachio
  6293 | D:6      | Reached XP level 9. HP: 45/45 MP: 0/24
  7166 | D:7      | Reached skill level 1 in Fighting
  7166 | D:7      | Reached skill level 10 in Spellcasting
  7341 | D:7      | Offered knowledge of Sandblast by Vehumet.
  7403 | D:7      | Found a staircase to the Ecumenical Temple.
  7698 | D:8      | Found an opulent altar of Gozag.
  7740 | D:8      | Reached ** piety under Vehumet
  7935 | D:8      | Noticed Grum
  7940 | D:8      | Killed Grum
  8007 | D:8      | Reached skill level 10 in Conjurations
  8292 | D:8      | Reached skill level 11 in Spellcasting
  8490 | D:8      | Noticed Psyche
  8495 | D:8      | Killed Psyche
  8600 | D:9      | Found Aqoigu's Distillery.
  8603 | D:9      | Reached XP level 10. HP: 48/56 MP: 22/27
  8637 | D:9      | Bought a potion of lignification for 33 gold pieces
  8821 | D:9      | Reached skill level 5 in Stealth
  8822 | D:9      | Found Joygotrayst's Antique Armour Shop.
  8850 | D:9      | Bought a twisted robe for 136 gold pieces
  8850 | D:9      | Bought an embroidered cloak for 180 gold pieces
  8867 | D:9      | Identified the +0 robe "Daxkop" {rElec} (You bought it in a
                  | shop on level 9 of the Dungeon)
  9040 | D:9      | Noticed a two-headed ogre
  9050 | D:9      | Offered knowledge of Mephitic Cloud by Vehumet.
  9050 | D:9      | Killed a two-headed ogre
  9507 | D:9      | Reached skill level 1 in Short Blades
  9516 | D:9      | Reached *** piety under Vehumet
  9516 | D:9      | Reached skill level 5 in Fighting
  9817 | D:9      | Found a staircase to the Lair.
 10064 | D:10     | Entered Level 10 of the Dungeon
 10094 | D:10     | Learned a level 5 spell: Fireball
 10103 | D:10     | Reached XP level 11. HP: 63/63 MP: 19/28
 10129 | D:10     | Offered knowledge of Static Discharge by Vehumet.
 10191 | D:10     | Noticed a two-headed ogre
 10198 | D:9      | Reached skill level 1 in Fire Magic
 10200 | D:9      | Killed a two-headed ogre
 10496 | D:10     | Reached **** piety under Vehumet
 10547 | D:10     | Reached skill level 5 in Dodging
 10997 | D:10     | Noticed a two-headed ogre
 11001 | D:10     | Noticed Joseph
 11006 | D:10     | Found Hoonurghu's Book Emporium.
 11200 | D:10     | Killed Joseph
 11207 | D:10     | Killed a two-headed ogre
 11207 | D:10     | Offered knowledge of Bolt of Magma by Vehumet.
 11214 | D:10     | Learned a level 5 spell: Bolt of Magma
 11569 | D:11     | Noticed a white ugly thing
 11581 | D:11     | HP: 1/63 [white ugly thing (25)]
 11724 | D:10     | Killed a white ugly thing
 11724 | D:10     | Reached skill level 5 in Armour
 11724 | D:10     | Reached skill level 1 in Earth Magic
 11821 | D:11     | Found a staircase to the Orcish Mines.
 12194 | D:11     | Noticed a red ugly thing
 12204 | D:11     | Killed a red ugly thing
 12308 | D:11     | Reached skill level 5 in Fire Magic
 12552 | D:11     | Reached ***** piety under Vehumet
 12562 | D:11     | Offered knowledge of Olgreb's Toxic Radiance by Vehumet.
 12593 | D:11     | Noticed a red ugly thing
 12646 | D:11     | HP: 3/63 [red ugly thing (23)]
 12651 | D:11     | HP: 2/63 [red ugly thing (19)]
 12659 | D:11     | Slain by a red ugly thing

Levels and vault maps discovered:
D:1:      lightli_iron_boxes, layout_basic, serial_bayou_pond_a,
          minmay_hexomino_f4
D:2:      layout_loops_ring, elyvilon_altar_5, first_ration, uniq_natasha,
          uniq_robin
D:3:      layout_basic, chequers_ecumenical_altar_island, ebering_ghost_gozag,
          okawaru_gym_becter
D:4:      layout_loops_ring, tso_metal_star, portal_sewer_entry_e,
          chequers_decorated_corner, solitary_fountain, xom_confusion_cloud
D:5:      layout_gridville, kennysheep_mini_moat, dancing_weapons_uskayaw,
          serial_shops, shop_statue
D:6:      layout_gridville, lemuel_doored_altar, uniq_eustachio
D:7:      layout_cave_pods, minmay_temple_entry_statues_fountains
D:8:      layout_gridville, overflow_temple_1_default, uniq_psyche, uniq_grum
D:9:      layout_small_grid, due_lair_maze_entry_diamond, serial_shops,
          nicolae_shop_crystal, nicolae_shop_overgrown_old_shop, serial_glass,
          glass_columns_c, glass_columns_a, due_unseen_surprise,
          item_on_display_a, feat_on_display
D:10:     layout_loops_cross, serial_shops, shop, uniq_joseph
D:11:     lemuel_castle_with_subvaults [lemuel_castle_interior_carwin_2],
          layout_stronghold, david_orc_3, enter_bailey_6

Skill      XL: |  1  2  3  4  5  6  7  8  9 10 11 |
---------------+----------------------------------+-----
Spellcasting   | 4 5 6 8 9 11 | 11.0
Conjurations   | 5 6 7 8 10 | 10.6
Hexes          | 1 3 4 5 7 |  7.5
Armour         | 2 3 5 |  5.0
Evocations     | 2 3 4 |  4.0
Fighting       | 3 5 |  5.0
Stealth        | 4 7 |  7.2
Short Blades   | 2 4 |  4.5
Dodging        | 4 6 |  6.0
Fire Magic     | 5 |  5.4
Earth Magic    | 3 |  3.7

Action                   |  1- 3 |  4- 6 |  7- 9 | 10-12 || total
-------------------------+-------+-------+-------+-------++-------
Melee: Spear             |    39 |    16 |    32 |    19 ||   106
       Short sword       |       |    18 |    11 |   107 ||   136
 Cast: Magic Dart        |    81 |   130 |   237 |   132 ||   580
       Iskenderun's Myst |       |     7 |    38 |    82 ||   127
       Fulminant Prism   |       |     8 |    19 |    44 ||    71
       Bolt of Magma     |       |       |       |    12 ||    12
       Fireball          |       |       |       |     4 ||     4
Evoke: Wand              |       |       |     1 |     5 ||     6
  Use: Potion            |       |     2 |       |     6 ||     8
       Scroll            |       |       |       |     3 ||     3
 Stab: Sleeping          |       |     1 |       |     2 ||     3
  Eat: Chunk             |       |    10 |    18 |    14 ||    42
       Ration            |       |       |       |     1 ||     1
Armor: Robe              |    15 |    19 |       |       ||    34
       Troll leather arm |       |     1 |    24 |   100 ||   125
Dodge: Dodged            |    58 |    56 |    56 |   160 ||   330
